 Dungeon Crawl Stone Soup version 0.32-a0-132-g2d33c3cfaf (webtiles) character file.

Game seed: 14461635004276031111

7471 CowFu the Fighter (level 11, -1/124 HPs)
             Began as an Oni Fighter on Feb 9, 2024.
             Was an Initiate of Gozag.
             Succumbed to a black mamba's poison
             ... on level 1 of the Lair of Beasts.
             The game lasted 00:15:53 (11413 turns).

CowFu the Fighter (Oni Fighter)                    Turns: 11413, Time: 00:15:53

Health: -1/124     AC: 12    Str: 26    XL:     11   Next: 15%
Magic:  11/11      EV:  8    Int:  9    God:    Gozag
Gold:   1474       SH:  9    Dex:  8    Spells: 10/10 levels left

rFire   + + .        a - +1 war axe
rCold   x . .        c - +1 kite shield
rNeg    . . .        k - +0 fire dragon scales
rPois   .            (helmet restricted)
rElec   .            d - +0 cloak
rCorr   .            (gloves unavailable)
SInv    .            (boots unavailable)
Will    ++...        s - amulet of guardian spirit Stlth
                     v - ring of willpower
HPRegen 0.40/turn    (no ring)
MPRegen 0.12/turn

%: guardian spirit
@: lethally poisoned (-1 -> -37), hasted, very quick
A: large, unfitting armour, horns 1, tough skin 1, double potion healing,
drunken brawling
a: Renounce Religion, Potion Petition, Call Merchant, Bribe Branch


You were on level 1 of the Lair of Beasts.
You worshipped Gozag.
Gozag was most pleased with you.
You visited 3 branches of the dungeon, and saw 11 of its levels.

You collected 1649 gold pieces.
You spent 88 gold pieces at shops.
You paid 87 gold pieces to Gozag.

Inventory:

Hand Weapons
 a - a +1 war axe (weapon)
 b - a +2 vampiric morningstar
Armour
 c - a +1 kite shield (worn)
 d - a +0 cloak (worn)
 k - +0 fire dragon scales (worn)
Jewellery
 s - an amulet of guardian spirit (around neck)
 v - a ring of willpower (left hand)
Wands
 h - a wand of mindburst (19)
 l - a wand of quicksilver (4)
 n - a wand of roots (12)
Scrolls
 e - 3 scrolls of enchant weapon
 m - a scroll of blinking
 p - 4 scrolls of teleportation
 t - a scroll of poison
 u - a scroll of amnesia
Potions
 f - 4 potions of enlightenment
 g - a potion of attraction
 j - 4 potions of mutation
 o - 2 potions of lignification
 q - a potion of magic
 r - 2 potions of brilliance


   Skills:
 + Level 12.4 Fighting
 + Level 10.0 Axes
 + Level 5.2 Armour
 + Level 6.2 Dodging
 + Level 6.2 Shields


You had 10 spell levels left.
You didn't know any spells.
Your spell library contained the following spells:

 Spells                   Type           Power      Damage    Failure   Level
 Stone Arrow              Conj/Erth      0%         3d7       99%         3
 Animate Armour           Summ/Erth      0%         N/A       100%        4
 Conjure Ball Lightning   Conj/Air       0%         3x3d6     100%        6
 Discord                  Hex            0%         N/A       100%        8
 Disjunction              Tloc           0%         N/A       100%        8
 Lehudib's Crystal Spear  Conj/Erth      0%         10d2      100%        8


Dungeon Overview and Level Annotations

Branches:
Dungeon (9/15)             Temple (1/1) D:4            Lair (1/5) D:8
    Orc: D:9-12

Altars:
Ashenzari
Cheibriados
Elyvilon
Fedhas
Gozag
Hepliaklqana
Kikubaaqudgha
Makhleb
Nemelex Xobeh
Okawaru
Qazlal
Ru
Sif Muna
Trog
Uskayaw
Vehumet
Wu Jian
Xom
Yredelemnul
Zin
The Shining One

Shops:
D:6 [   D:8 !


Innate Abilities, Weirdness & Mutations

You are too large for most types of armour.
You have a pair of small horns on your head.
You have tough skin. (AC +1)
You gain doubled healing and magic from potions.
Whenever you drink a healing potion, you attack all around you.


Message History

You miss the black mamba.
The black mamba is moderately wounded.
You hear the slow rumble of a distant avalanche of rocks.
You feel very sick.
The black mamba bites you but does no damage.
You block the black mamba's attack.
You closely miss the black mamba.
The black mamba is moderately wounded.
You feel very sick. You block the black mamba's attack.
The black mamba bites you.
* * * LOW HITPOINT WARNING * * *
You closely miss the black mamba. Your headbutt misses the black mamba.
The black mamba is moderately wounded.
You feel very sick. The black mamba closely misses you.
You block the black mamba's attack.
You closely miss the black mamba.
The black mamba is moderately wounded.
You feel very sick. You block the black mamba's attack.
The black mamba bites you.
* * * LOW HITPOINT WARNING * * *
You barely miss the black mamba. Your headbutt misses the black mamba.
The black mamba is moderately wounded.
You feel sick. The black mamba bites you!
* * * LOW HITPOINT WARNING * * *
You are more poisoned.
The black mamba poisons you! The black mamba closely misses you.
Okay, then.
It was a potion of haste.
You feel yourself speed up.
* * * LOW HITPOINT WARNING * * *
You feel very sick. The black mamba bites you!
* * * LOW HITPOINT WARNING * * *
You are more poisoned.
The black mamba poisons you!
You take a swig of the potion and twirl your +1 war axe.
You barely miss the black mamba. Your headbutt misses the black mamba.
The black mamba is moderately wounded.
Magic courses through your body.
You die...
Your body crumbles into a pile of gold.

........#
.###....#
#....#
###.##
##.# #..#
##.# #.#
#@# #S.#
#...#
...###
#.#.
.....
#.#.#
....


You could see a black mamba.

Vanquished Creatures
  A two-headed ogre (D:9)
  Maurice (D:7)
  Jeremiah (D:9)
  8 yaks
  2 wyverns (D:8)
  2 basilisks (D:8)
  Menkaure (D:4)
  3 steam dragons
  An acid dragon (D:9)
  2 water moccasins (Lair:1)
  Duvessa (D:5)
  6 orc warriors
  A sky beast (D:7)
  2 ice beasts
  2 black bears
  2 ogres (D:5)
  2 centaurs
  2 phantoms
  A kobold brigand (D:9)
  Blork the orc (D:5)
  A bullfrog (D:8)
  A gnoll sergeant (D:8)
  2 scorpions
  Dowan (D:5)
  3 wights (D:9)
  A howler monkey (D:7)
  A bombardier beetle (D:3)
  7 hounds
  A jelly (D:5)
  7 orc priests
  A gnoll bouda (D:5)
  Crazy Yiuf (D:2)
  Jessica (D:2)
  4 iguanas
  2 sleepcaps
  Ijyb (D:4)
  11 orc wizards
  22 gnolls
  7 adders
  2 white imps
  A ribbon worm (D:2)
  A dart slug (D:1)
  39 orcs
  9 ball pythons
  6 endoplasms
  4 giant cockroaches
  35 goblins
  32 hobgoblins
  5 quokkas
  6 bats
  4 frilled lizards
  11 kobolds
  6 rats
278 creatures vanquished.

Vanquished Creatures (others)
  An orc wizard (D:9)
  An orc (D:9)
2 creatures vanquished.

Grand Total: 280 creatures vanquished

Notes
Turn   | Place    | Note
-------+----------+-------------------------------------------
     0 | D:1      | CowFu the Oni Fighter began the quest for the Orb.
     0 | D:1      | Reached XP level 1. HP: 24/24 MP: 1/1
   151 | D:1      | Reached XP level 2. HP: 27/32 MP: 2/2
   771 | D:2      | Reached XP level 3. HP: 40/40 MP: 3/3
   787 | D:2      | Noticed Jessica
   795 | D:2      | Killed Jessica
   796 | D:2      | Reached skill level 5 in Fighting
   796 | D:2      | Reached XP level 4. HP: 33/50 MP: 4/4
   893 | D:2      | Found a faded altar of an unknown god.
  1229 | D:2      | Found a runed translucent door.
  1230 | D:2      | Noticed Crazy Yiuf
  1583 | D:2      | Killed Crazy Yiuf
  1584 | D:2      | Reached XP level 5. HP: 38/58 MP: 5/5
  2341 | D:3      | Reached skill level 6 in Fighting
  2528 | D:3      | Reached XP level 6. HP: 66/68 MP: 6/6
  3057 | D:3      | Reached skill level 7 in Fighting
  3430 | D:4      | Found a staircase to the Ecumenical Temple.
  3445 | D:4      | Reached skill level 5 in Axes
  3472 | Temple   | Entered the Ecumenical Temple
  3506 | Temple   | Became a worshipper of Gozag Ym Sagoz the Greedy
  3567 | D:4      | Reached XP level 7. HP: 78/78 MP: 4/7
  4170 | D:4      | Noticed Ijyb
  4190 | D:4      | Killed Ijyb
  4191 | D:4      | Reached skill level 8 in Fighting
  4364 | D:4      | Noticed Menkaure
  4372 | D:4      | Killed Menkaure
  4895 | D:5      | Entered Level 5 of the Dungeon
  4995 | D:5      | Reached skill level 9 in Fighting
  4995 | D:5      | Reached XP level 8. HP: 72/92 MP: 6/8
  5283 | D:5      | Noticed Duvessa
  5285 | D:5      | Noticed Dowan
  5297 | D:5      | Killed Dowan
  5298 | D:5      | Killed Duvessa
  5513 | D:5      | Reached skill level 10 in Fighting
  5559 | D:5      | Noticed Blork the orc
  5565 | D:5      | Killed Blork the orc
  6031 | D:6      | Reached XP level 9. HP: 59/101 MP: 6/9
  6212 | D:6      | Reached skill level 1 in Armour
  6514 | D:6      | Found Udiacopi's Antique Armour Shoppe.
  7377 | D:7      | Noticed Maurice
  7384 | D:7      | Maurice stole a +2 whip of electrocution
  7385 | D:7      | Maurice stole 784 gold
  7391 | D:7      | Maurice stole 41 gold
  7469 | D:7      | Killed Maurice
  7470 | D:7      | Reached skill level 11 in Fighting
  7650 | D:7      | Found a blossoming altar of Fedhas.
  7652 | D:7      | Found a glowing silver altar of Zin.
  7696 | D:7      | Found a shimmering altar of Xom.
  7700 | D:7      | Found a sparkling altar of Nemelex Xobeh.
  7701 | D:7      | Found a white marble altar of Elyvilon.
  7703 | D:7      | Found a hide-covered altar of Uskayaw.
  7725 | D:7      | Found an ornate altar of the Wu Jian Council.
  7728 | D:7      | Found a bloodstained altar of Trog.
  7732 | D:7      | Found a shimmering blue altar of Sif Muna.
  7733 | D:7      | Found a stormy altar of Qazlal.
  7783 | D:7      | Reached XP level 10. HP: 113/113 MP: 10/10
  8386 | D:8      | Found a burning altar of Makhleb.
  8649 | D:8      | Found Qoifuixe's Distillery.
  8708 | D:8      | Bought a potion of heal wounds for 55 gold pieces
  8708 | D:8      | Bought a potion of curing for 33 gold pieces
  8716 | D:8      | Found a staircase to the Lair.
  8734 | D:8      | Reached skill level 5 in Dodging
  8734 | D:8      | Reached skill level 5 in Shields
  9713 | D:9      | Noticed Jeremiah
 10107 | D:9      | Killed Jeremiah
 10284 | D:9      | Noticed a two-headed ogre
 10299 | D:9      | Killed a two-headed ogre
 10300 | D:9      | Reached skill level 12 in Fighting
 10583 | D:9      | Reached XP level 11. HP: 108/123 MP: 11/11
 11137 | D:9      | Reached skill level 5 in Armour
 11359 | Lair:1   | Entered Level 1 of the Lair of Beasts
 11373 | Lair:1   | Reached skill level 10 in Axes
 11412 | Lair:1   | HP: 5/124 [black mamba (8)]
 11413 | Lair:1   | Succumbed to a black mamba's poison

Illustrated notes

Levels and vault maps discovered:
D:1:      shiori_arrival_elements, layout_loops_ring
D:2:      layout_loops_ring, shapermc_ecumenical_altar_mp_urbaneastern,
          grunt_decor_arrowhead, serial_bayou_pond_b, uniq_jessica,
          uniq_crazy_yiuf_cottage
D:3:      minmay_goblin_kobold_castle, layout_basic,
          hangedman_decor_clover_reticule
D:4:      layout_layer_cave, temple_pool_b, kennysheep_generic_room_15,
          uniq_ijyb, uniq_menkaure
D:5:      layout_basic, minmay_misc_feat_square, uniq_duvessa,
          uniq_blork_the_orc
D:6:      layout_basic, serial_shops, nicolae_shop_advertising_works
          [nicolae_subvault_shop_adworks]
D:7:      minmay_recursive_quarters, layout_rooms,
          nicolae_overflow_hallway_of_the_gods, grunt_ministairs_9, uniq_maurice
D:8:      layout_basic, lightli_temple_of_fire, david_lair_generic,
          serial_glass, glass_columns_b, glass_columns_b,
          minmay_strange_pillars, feat_on_display, feat_on_display,
          serial_shops, shop
D:9:      layout_cave_pools, dk_noncrumbling_3, roderic_serpentine_path,
          moated_statue, patterned_corridor, uniq_jeremiah
Temple:   jpeg_temple_alley_garden
Lair:1:   layout_gridlike, nicolae_volcano_entry_batcave, serial_bayou_pond_e,
          st_stairs_11, nicolae_lair_lindhole

Skill      XL: |  1  2  3  4  5  6  7  8  9 10 11 |
---------------+----------------------------------+-----
Shields        | 3 4 6 |  6.2
Dodging        | 3 4 5 6 |  6.2
Fighting       | 5 6 7 9 10 11 12 | 12.4
Axes           | 3 4 5 6 8 9 10 | 10.0
Armour         | 3 4 5 |  5.2

Action                     |  1- 3 |  4- 6 |  7- 9 | 10-12 || total
---------------------------+-------+-------+-------+-------++-------
  Melee: War axe           |    54 |   214 |   296 |   235 ||   799
         Headbutt          |     4 |    29 |    57 |    40 ||   130
    Use: Potion            |       |     4 |     8 |     5 ||    17
         Scroll            |       |       |    14 |     2 ||    16
   Stab: Distracted        |       |       |     1 |     1 ||     2
 Armour: Robe              |    38 |   195 |    76 |       ||   309
         Fire dragon scale |       |       |   173 |   256 ||   429
  Dodge: Dodged            |    15 |   105 |    89 |    76 ||   285
  Block: Kite shield       |    25 |   113 |   122 |   138 ||   398

Table legend: (Time is in decaauts)
 A = Elapsed time spent in this place.
 B = Non-inter-level travel time spent in this place.
 C = Inter-level travel time spent in this place.
 D = Time resting spent in this place.
 E = Time spent auto-exploring this place.
 F = Levels seen in this place.
 G = Mean time per level.
                   A        B        C        D        E       F      G
               +--------+--------+--------+--------+--------+-----+--------+
         Total |  11646 |  11066 |    580 |      0 |   9067 |  11 | 1058.7 |
       Dungeon |  11523 |  10975 |    548 |      0 |   9067 |   9 | 1280.3 |
        Temple |     67 |     35 |     32 |      0 |      0 |   1 |   67.0 |
          Lair |     55 |     55 |      0 |      0 |      0 |   1 |   55.0 |
               +--------+--------+--------+--------+--------+-----+--------+

Top non-repeatable levels by time:
     D:8: 2310 daAuts
     D:3: 1801 daAuts
     D:4: 1495 daAuts
     D:7: 1211 daAuts
     D:6: 1109 daAuts
     D:9: 978 daAuts
     D:2: 946 daAuts
     D:5: 887 daAuts
     D:1: 782 daAuts
  Temple: 67 daAuts
  Lair:1: 55 daAuts
